Map: 永恒帝国-天梯版

Players

iGXiGua (XiGua)

  • Race: Zerg Zerg

Cyan - Winner!

  • Race: Protoss Protoss

Event: DreamHack SC2 Masters 2020 Summer China

VOD

Have the link to the VOD?

Description

Time

  • Played on: July 2, 2020, 8:46 a.m.
  • Length: 18:20

All games in this series

Show
View Real Time Build Order
Export as new Build Order

iGXiGua Zerg 

Build Orders: Hatch First 

Get SALT Encoding   

  12  0:00  Drone  
  13  0:12  Overlord  
  13  0:17  Drone  
  14  0:31  Drone  
  15  0:41  Drone  
  16  0:48  Hatchery  
  15  0:52  Drone  
  15  0:57  Drone  
  17  1:00  Extractor  
  17  1:01  Drone  
  17  1:16  Spawning Pool  
  16  1:19  Drone  
  16  1:23  Drone  
  18  1:29  Drone  
  19  1:40  Drone  
  20  1:49  Overlord  
  20  2:02  Queen  
  20  2:03  Metabolic Boost, Queen  
  20  2:07  Zergling x2  
  25  2:10  Drone  
  25  2:12  Drone  
  27  2:17  Drone  
  28  2:26  Drone x2  
  30  2:37  Drone  
  30  2:43  Hatchery  
  30  2:47  Queen  
  32  2:54  Overlord  
  32  2:56  Drone x2  
  34  3:03  Drone x2  
  36  3:14  Drone x2  
  36  3:15  Drone x3  
  36  3:19  Overlord  
  41  3:21  Drone  
  41  3:25  Queen  
  44  3:29  Overlord  
  44  3:33  Overlord  
  44  3:42  Spore Crawler, Zergling x4  
  45  3:54  Drone  
  45  3:55  Drone x2  
  48  3:59  Zergling x10  
  53  4:05  Zergling x2  
  53  4:09  Roach Warren  
  53  4:14  Zergling x6  
  56  4:20  Spore Crawler x2  
  56  4:21  Zergling x6  
  56  4:24  Overlord  
  56  4:29  Overlord  
  56  4:35  Drone x6  
  62  4:41  Drone x4  
  62  4:43  Drone  
  66  4:47  Drone  
  66  4:48  Drone, Spore Crawler  
  60  4:58  Drone x3  
  63  5:02  Drone x3  
  63  5:04  Lair  
  63  5:06  Drone  
  66  5:07  Drone  
  66  5:10  Drone  
  66  5:14  Extractor  
  66  5:17  Drone  
  66  5:18  Drone x3  
  66  5:22  Drone x2  
  66  5:24  Extractor  
  66  5:25  Extractor x3  
  66  5:27  Drone x3  
  67  5:33  Drone x5  
  72  5:40  Drone  
  73  5:44  Drone  
  73  5:45  Drone  
  74  5:51  Overlord  
  74  5:59  Drone, Overlord  
  74  6:00  Overlord  
  74  6:03  Drone x3  
  78  6:06  Hatchery  
  78  6:08  Drone x4, Spire  
  78  6:09  Glial Reconstitution  
  80  6:13  Drone x2  
  80  6:15  Drone  
  85  6:18  Roach  
  85  6:19  Roach  
  85  6:21  Overlord  
  87  6:27  Overseer  
  87  6:32  Roach x2  
  89  6:33  Zergling x8  
  89  6:56  Unknown  
  89  6:59  Overlord x4  
  90  7:01  Drone x4  
  90  7:03  Drone, Overlord  
  90  7:06  Overlord  
  89  7:14  Drone x3  
  90  7:23  Mutalisk x10  
  90  7:24  Spore Crawler  
  90  7:26  Zerg Flyer Weapons Level 1  
  90  7:27  Drone x2  
  111  7:30  Mutalisk  
  111  7:35  Mutalisk x2  
  117  7:42  Mutalisk x2  
  121  7:45  Queen  
  121  7:48  Mutalisk  
  124  7:52  Drone x2  
  126  7:59  Mutalisk x2  
  126  8:01  Zergling x12  
  135  8:08  Mutalisk, Overlord x2  
  137  8:14  Overlord x2  
  137  8:15  Drone x3  
  138  8:20  Mutalisk x2  
  138  8:27  Overlord  
  138  8:28  Overlord  
  132  8:35  Corruptor x4  
  132  8:40  Drone  
  132  8:41  Drone x2  
  137  8:43  Mutalisk x2  
  139  8:49  Mutalisk x2  
  141  8:57  Mutalisk x2  
  141  8:58  Zergling x2  
  141  8:59  Zergling x14  
  141  9:01  Zergling x2  
  141  9:02  Zergling x2  
  135  9:12  Hatchery  
  135  9:14  Mutalisk  
  135  9:15  Mutalisk x3  
  134  9:21  Mutalisk  
  134  9:23  Zergling x12  
  142  9:27  Mutalisk  
  142  9:29  Mutalisk  
  146  9:32  Zergling x12  
  146  9:35  Zergling x4  
  154  9:42  Corruptor x2  
  154  9:44  Zergling x4  
  160  9:47  Zergling x6  
  160  9:51  Extractor  
  160  9:52  Extractor  
  161  9:55  Mutalisk x2  
  161  9:56  Mutalisk x2  
  169  10:00  Zergling x8  
  173  10:09  Mutalisk  
  173  10:10  Mutalisk x2  
  173  10:12  Zergling x10  
  184  10:16  Overlord  
  184  10:17  Mutalisk  
  179  10:32  Mutalisk x4  
  179  10:34  Zergling x18  
  151  10:44  Mutalisk x2  
  151  10:48  Drone  
  151  10:49  Drone x9  
  161  10:53  Mutalisk x2  
  163  10:58  Mutalisk  
  163  10:59  Zergling x2  
  163  11:00  Zergling x4  
  167  11:06  Mutalisk x2  
  170  11:12  Mutalisk x2  
  170  11:13  Queen  
  176  11:20  Mutalisk x3  
  179  11:28  Mutalisk x2  
  179  11:30  Zergling x6  
  179  11:31  Hatchery, Zergling x2  
  179  11:32  Zergling x2  
  184  11:37  Zergling x4  
  179  11:42  Mutalisk x2  
  172  11:49  Mutalisk  
  129  12:01  Mutalisk x2  
  131  12:11  Corruptor  
  132  12:22  Corruptor  
  134  12:29  Corruptor  
  136  12:37  Hatchery  
  136  12:39  Corruptor x2  
  139  12:45  Zergling x4  
  139  12:50  Extractor  
  139  12:51  Extractor, Corruptor  
  139  12:54  Corruptor  
  142  12:59  Corruptor  
  142  13:01  Zergling x6  
  147  13:06  Corruptor  
  149  13:14  Corruptor  
  149  13:18  Corruptor  
  149  13:19  Zergling x6  
  153  13:29  Corruptor x2  
  153  13:32  Zergling x2  
  156  13:39  Corruptor  
  150  13:42  Corruptor  
  150  13:45  Queen  
  154  13:51  Corruptor  
  154  13:52  Zergling x2  
  154  13:53  Zergling x4  
  159  13:58  Corruptor  
  159  14:00  Zergling x4  
  163  14:04  Mutalisk  
  164  14:15  Mutalisk x2  
  168  14:21  Corruptor x2  
  170  14:28  Corruptor  
  170  14:30  Zergling x2  
  170  14:31  Zergling x10  
  177  14:33  Overlord  
  169  14:40  Corruptor  
  169  14:42  Zergling x4  
  173  14:50  Mutalisk x3  
  179  14:57  Corruptor  
  179  15:03  Corruptor  
  176  15:13  Corruptor x2  
  156  15:22  Corruptor  
  155  15:29  Corruptor x2  
  153  15:36  Zergling x2  
  153  15:37  Zergling x4  
  155  15:44  Corruptor  
  155  15:49  Mutalisk  
  157  15:53  Mutalisk  
  146  16:04  Mutalisk  
  146  16:05  Mutalisk x2  
  146  16:07  Mutalisk  
  131  16:23  Corruptor  
  58  16:56  Mutalisk x2  
  62  17:10  Mutalisk  
  64  17:19  Mutalisk  
Show
View Real Time Build Order
Export as new Build Order

Cyan Protoss - Winner!

Build Orders: 1 Gate Expand, Oracle Opening, Archon Immortal 

Get SALT Encoding   

  12  0:00  Probe  
  13  0:13  Probe  
  14  0:20  Pylon  
  14  0:25  Probe  
  15  0:28  Assimilator  
  15  0:34  Probe  
  16  0:42  Probe  
  16  0:45  Gateway  
  17  0:52  Probe  
  18  1:04  Probe  
  19  1:16  Probe  
  20  1:24  Nexus  
  20  1:34  Cybernetics Core  
  20  1:38  Probe  
  21  1:42  Assimilator  
  21  1:50  Probe  
  21  1:53  Pylon  
  22  1:59  Probe  
  22  2:02  Stalker  
  22  2:07  Probe  
  23  2:11  Warp Gate  
  26  2:17  Probe  
  27  2:29  Probe  
  28  2:31  Stargate  
  28  2:35  Adept  
  30  2:37  Probe  
  30  2:42  Probe  
  32  2:45  Probe  
  33  2:53  Probe  
  33  2:55  Probe  
  35  3:04  Probe  
  35  3:05  Adept  
  35  3:07  Oracle, Probe  
  39  3:14  Gateway  
  39  3:19  Probe x2  
  44  3:25  Pylon  
  44  3:31  Probe  
  44  3:32  Probe  
  46  3:34  Oracle  
  46  3:42  Pylon  
  46  3:43  Probe  
  46  3:48  Probe  
  51  3:52  Pylon  
  51  3:55  Probe  
  52  4:00  Adept  
  54  4:04  Probe  
  54  4:06  Pylon  
  55  4:10  Probe  
  55  4:11  Oracle  
  59  4:20  Probe  
  59  4:21  Nexus  
  60  4:26  Adept  
  60  4:27  Adept, Shield Battery  
  64  4:31  Assimilator  
  64  4:41  Shield Battery  
  64  4:42  Probe  
  59  4:53  Adept x2  
  59  4:54  Probe  
  59  4:56  Assimilator  
  59  4:57  Robotics Facility, Probe  
  59  4:59  Pylon  
  65  5:06  Probe  
  66  5:07  Phoenix  
  66  5:09  Pylon, Probe  
  66  5:12  Forge  
  69  5:18  Probe  
  70  5:26  Probe  
  71  5:30  Sentry x2, Probe  
  71  5:35  Pylon  
  76  5:37  Probe  
  76  5:38  Probe  
  76  5:39  Gateway  
  76  5:40  Gateway  
  76  5:42  Twilight Council  
  78  5:43  Protoss Ground Weapons Level 1, Probe  
  78  5:45  Observer  
  80  5:50  Probe x2  
  80  5:53  Gateway  
  80  5:55  Pylon, Probe  
  82  5:57  Gateway  
  82  5:58  Sentry  
  82  6:02  Probe  
  85  6:07  Gateway, Probe  
  86  6:13  Immortal  
  86  6:15  Probe x2  
  86  6:17  Charge  
  92  6:19  Probe  
  92  6:23  Assimilator  
  93  6:27  Assimilator, Probe x2  
  93  6:31  Probe  
  96  6:36  Pylon  
  96  6:39  Gateway, Probe  
  97  6:40  Templar Archives  
  97  6:43  Phoenix  
  97  6:45  Probe x2  
  99  6:48  Photon Cannon  
  99  6:53  Immortal  
  99  6:55  Pylon  
  103  7:07  Phoenix  
  101  7:15  Photon Cannon, Probe  
  100  7:17  Photon Cannon x2  
  100  7:20  Shield Battery  
  97  7:27  High Templar  
  97  7:28  Immortal, Probe  
  100  7:31  Pylon  
  100  7:32  Phoenix  
  100  7:33  High Templar, Pylon  
  100  7:34  Shield Battery  
  108  7:38  Archon  
  108  7:39  Zealot  
  108  7:43  Protoss Ground Weapons Level 2  
  110  7:50  Phoenix  
  112  8:05  Nexus  
  110  8:07  Pylon  
  110  8:08  Pylon  
  110  8:09  Stalker  
  110  8:10  Stalker x2  
  110  8:12  Phoenix  
  115  8:13  Probe  
  118  8:30  Probe  
  119  8:37  Phoenix  
  119  8:44  Stargate  
  119  8:46  Stalker x3  
  122  8:57  Probe  
  122  8:59  Stargate, Probe  
  122  9:02  Phoenix  
  126  9:04  Stalker x2  
  118  9:18  Immortal  
  118  9:19  Probe x3  
  118  9:21  Probe  
  126  9:27  Phoenix  
  126  9:28  High Templar x2  
  126  9:30  Zealot  
  135  9:31  Zealot x2, Probe  
  135  9:32  Archon  
  135  9:35  Shield Battery  
  135  9:37  Unknown  
  137  9:43  Stalker x2  
  139  9:49  Shield Battery  
  139  9:50  Photon Cannon  
  139  9:52  Phoenix  
  141  9:54  High Templar x2  
  141  9:58  Archon  
  141  9:59  Phoenix  
  145  10:03  Shield Battery  
  145  10:07  Phoenix, Shield Battery  
  147  10:09  Warp Prism, Pylon  
  145  10:17  Phoenix  
  149  10:25  Zealot x2  
  149  10:28  Phoenix  
  155  10:31  Phoenix  
  155  10:32  Zealot x3  
  149  10:38  Phoenix  
  149  10:41  Probe x2  
  147  10:45  Phoenix  
  147  10:46  Zealot  
  147  10:47  Zealot x2  
  148  10:57  Probe x2  
  152  11:00  Photon Cannon  
  152  11:06  High Templar x3  
  152  11:07  High Templar, Zealot x4  
  152  11:11  Archon x2  
  163  11:21  Phoenix x2  
  152  11:26  High Templar x2, Zealot  
  152  11:32  Archon  
  158  11:36  Pylon  
  158  11:37  Pylon  
  158  11:39  Pylon  
  145  11:41  Pylon  
  140  11:50  Phoenix x2  
  140  11:51  Phoenix  
  106  12:07  Phoenix x2  
  98  12:08  Phoenix  
  92  12:18  Warp Prism  
  98  12:24  Phoenix  
  98  12:27  Sentry, Phoenix  
  98  12:28  Zealot x3  
  98  12:29  Zealot  
  108  12:30  Phoenix  
  114  12:43  Fleet Beacon  
  114  12:53  Zealot x2  
  114  12:54  Observer  
  113  13:06  Phoenix x3  
  119  13:17  Zealot x3  
  119  13:19  Protoss Air Weapons Level 1  
  125  13:20  Anion Pulse-Crystals  
  125  13:31  Phoenix x2  
  129  13:36  Phoenix  
  121  13:45  Zealot  
  121  13:46  Zealot  
  125  13:56  Phoenix x3  
  125  14:21  Phoenix x3  
  129  14:32  Nexus  
  129  14:34  Pylon  
  127  14:39  Zealot x3  
  127  14:40  Phoenix  
  133  14:46  Phoenix  
  127  15:03  Zealot  
  122  15:20  Stalker x3  
  114  15:23  Stalker x2  
  114  15:28  Phoenix  
  116  15:38  Zealot x2  
  120  15:49  High Templar x4  
  126  15:53  Archon  
  126  15:54  Archon, High Templar x2  
  126  16:06  Archon  
  122  16:14  Probe x2  
  122  16:16  Pylon  
  122  16:18  High Templar x2  
  125  16:19  Pylon  
  125  16:22  Archon  
  119  16:30  Stalker  
  119  16:31  Stalker x2  
  85  16:53  Nexus  
  83  16:54  High Templar x2  
  83  16:59  Archon  
  85  17:04  Zealot x2  
  85  17:32  Shield Battery  
  83  17:45  Stalker x4  
  91  17:53  Unknown  
  89  18:03  High Templar x2  
  89  18:05  Stalker x2  
Tags
 
Add a new tag
Caveats
  • Supply blocks, unpowered buildings, or Contaminate may cause inaccurate times.
  • Supply counts are checked every 10 seconds.